 Dungeon Crawl Stone Soup version 0.31-a0-263-ge8cad7f256 (webtiles) character file.

Game seed: 3075283401044025004

27 qw the Shooter (level 2, -3/24 HPs)
             Began as a Minotaur Hexslinger on July 13, 2023.
             Slain by a goblin
             ... wielding a +0 club
             ... led by Robin
              (6 damage)
             ... on level 2 of the Dungeon.
             The game lasted 00:00:17 (1165 turns).

qw the Shooter (Minotaur Hexslinger)                Turns: 1165, Time: 00:00:18

Health: -3/24      AC:  3    Str: 12    XL:     2   Next: 93%
Magic:  2/2        EV: 11    Int: 10    God:
Gold:   88         SH:  0    Dex: 12    Spells: 2/3 levels left

rFire   . . .        Y - +1 sling
rCold   . . .        (no shield)
rNeg    . . .        h - +0 leather armour
rPois   .            (helmet restricted)
rElec   .            (no cloak)
rCorr   .            (no gloves)
SInv    .            (no boots)
Will    .....        (no amulet)
Stlth   +            (no ring)
HPRegen 0.24/turn    (no ring)
MPRegen 0.08/turn

%: no passive effects
@: no status effects
A: horns 2, retaliatory headbutt
a: no special abilities


You were on level 2 of the Dungeon.
You visited 1 branch of the dungeon, and saw 2 of its levels.

You collected 88 gold pieces.


Innate Abilities, Weirdness & Mutations

You have a pair of horns on your head.
You reflexively headbutt those who attack you in melee.


   Skills:
 - Level 2.0 Fighting
 + Level 3.5 Ranged Weapons
 - Level 2.1 Dodging
 - Level 1.0 Spellcasting
 - Level 2.0 Hexes


You had 2 spell levels left.
You knew the following spells:

 Your Spells              Type           Power      Damage    Failure   Level
a - Slow                  Hex            16%        N/A       19%         1

Your spell library contained the following spells:

 Spells                   Type           Power      Damage    Failure   Level
 Inner Flame              Hex/Fire       2%         N/A       65%         3
 Portal Projectile        Hex/Tloc       4%         N/A       65%         3
 Cause Fear               Hex            2%         N/A       88%         4

Inventory:

Hand Weapons
 Y - a +1 sling (weapon)
Armour
 a - a +0 ring mail
 h - a +0 leather armour (worn)
Jewellery
 b - a ring of poison resistance
Potions
 f - a potion of lignification {unknown}
 g - a potion of enlightenment {unknown}
 k - a potion of brilliance {unknown}

Dungeon Overview and Level Annotations

Branches:
Dungeon (2/15)

Altars:

Annotations:
D:2 Robin


Message History

The goblin closely misses you.
You shoot a sling bullet. The sling bullet hits the goblin.
The goblin is heavily wounded.
The goblin hits you with a +0 club.
You shoot a sling bullet. The sling bullet misses the goblin.
The sling bullet hits the goblin.
You kill the goblin!
The goblin hits you with a +0 club.
A hobgoblin comes into view.
The goblin hits you with a +0 club.
You shoot a sling bullet.
The sling bullet closely misses the goblin.
The sling bullet hits the goblin.
You kill the goblin!
The goblin hits you but does no damage.
You shoot a sling bullet.
The sling bullet closely misses the goblin.
The sling bullet hits the goblin.
The goblin is heavily wounded.
The goblin barely misses you. You furiously retaliate!
You headbutt the goblin!
You kill the goblin!
You shoot a sling bullet. The sling bullet hits the hobgoblin.
The hobgoblin is almost dead.
The hobgoblin barely misses you.
You shoot a sling bullet. The sling bullet hits the hobgoblin.
You kill the hobgoblin!
Robin roars a battlecry!
The goblins go into a battle-frenzy!
The goblin barely misses you. Robin throws the goblin at you!
You shoot a sling bullet. The sling bullet misses the goblin.
The goblin closely misses you. The goblin barely misses you.
A goblin comes into view. It is wielding a +0 dagger.
You shoot a sling bullet. The sling bullet misses the goblin.
The goblin misses you. The goblin hits you with a +0 club.
You shoot a sling bullet. The sling bullet hits the goblin.
The goblin is moderately wounded.
The goblin closely misses you. You furiously retaliate!
You headbutt the goblin!
You kill the goblin!
The goblin hits you with a +0 club. x2
You die...

# ####..8.#
#....
#}.8..###....
##...#.##.... ##
#.###........
.'. ## #######..
#.. ########
###.# #.%)
#......# #...#
.#..gg###......#
#.###
.....gg@g......#
#.###
.....####......#
#.#.. ...
#......#####'###
.
#####.........#.
#.........#.
#.........#.
#.........#.
##.########. #.#
#.


You could see Robin, a hobgoblin (strong) and 3 goblins.

Vanquished Creatures
  An endoplasm (D:1)
  2 giant cockroaches
  8 goblins
  2 hobgoblins (D:2)
  2 jackals (D:2)
  A quokka (D:1)
  A ball python (D:1)
  A bat (D:1)
  3 frilled lizards (D:1)
  2 kobolds (D:1)
  2 rats
25 creatures vanquished.

Notes
Turn   | Place    | Note
-------+----------+-------------------------------------------
     0 | D:1      | qw the Minotaur Hexslinger began the quest for the Orb.
     0 | D:1      | Reached XP level 1. HP: 16/16 MP: 1/1
     0 | D:1      | 0 ||| qw: Version: 0.3-a-52-g30416fa
     0 | D:1      | 0 ||| qw: Game counter: 7087
     0 | D:1      | 0 ||| qw: Melee chars always use a shield: true
     0 | D:1      | 0 ||| qw: God list: Okawaru
     0 | D:1      | 0 ||| qw: Allow faded altars: false
     0 | D:1      | 0 ||| qw: Do Orc after clearing Dungeon:15 true
     0 | D:1      | 0 ||| qw: Do second Lair branch before Depths: true
     0 | D:1      | 0 ||| qw: Lair rune preference: random
     0 | D:1      | 0 ||| qw: Goals: Normal
     0 | D:1      | 0 ||| PLANNING D:1-11
   438 | D:1      | Reached skill level 3 in Ranged Weapons
   438 | D:1      | Reached XP level 2. HP: 23/23 MP: 2/2
   887 | D:1      | 887 ||| UPGRADING to +0 leather armour.
   897 | D:1      | 897 ||| DROPPING +0 robe.
   898 | D:1      | 898 ||| READING scroll labelled DEF FUGI FOR.
   901 | D:1      | 901 ||| READING scroll labelled JOTUNY WONGEMO.
   902 | D:1      | 902 ||| READING scroll labelled ECLAORO KENUDA.
   903 | D:1      | 903 ||| READING scroll labelled MERI GUXTOPLO.
   904 | D:1      | 904 ||| DROPPING scroll of poison.
   939 | D:2      | Found a faded altar of an unknown god.
  1148 | D:2      | Noticed Robin
  1165 | D:2      | HP: 3/24 [goblin/+0 club[Robin] (5)]
  1165 | D:2      | Slain by a goblin

Levels and vault maps discovered:
D:1:      spicycebolla_green_bress_n_ham, layout_basic
D:2:      layout_basic, basic_altar, shapermc_ecumenical_altar_venn,
          uniq_sigmund, uniq_robin

Skill      XL: |  1  2 |
---------------+-------+-----
Ranged Weapons | 3 |  3.5
Fighting       | 2 |  2.0
Dodging        | |  2.1
Spellcasting   | |  1.0
Hexes          | |  2.0

Action                     || total
---------------------------++-------
   Fire: Sling             ||    61
    Use: Scroll            ||     4
 Armour: Leather armour    ||     5
         Robe              ||     1
  Dodge: Dodged            ||    18

Table legend:
 A = Non-vault XP
 B = Vault XP
 C = Vault XP percentage of total XP
 D = Non-vault monster count
 E = Vault monster count
 F = Vault count percentage of total count
                 A         B        C        D         E       F
            +---------+---------+-------+---------+---------+-------
      Total |      27 |      14 |  34.1 |      18 |       7 |  28.0
            +---------+---------+-------+---------+---------+-------
        D:1 |      17 |       0 |   0.0 |      12 |       0 |   0.0
        D:2 |      10 |      14 |  58.3 |       6 |       7 |  53.8
            +---------+---------+-------+---------+---------+-------
